AoeStats
← 超人不是我

Oasis

509983921Analyzed
4v4 RM · 5d ago on Sep 28, 2026· 26m 51s· 8 players
Game mode
Random Map
Map size
Large (8 player)
Population
200
Speed
Normal
Resources
Standard
Victory
Conquest
Starting age
Dark Age
Ending age
Imperial Age
RankedLock teamsTeams togetherTeam positionsShared explorationLock speedFull tech treeHidden civsTurbo modeCheats
Victory
Defeat
🇫🇷 Burmese · France
1162
+15
1149
+16
🇫🇷 Saracens · France
1143
+16
🇺🇸 Koreans · United States
1109
+17
🇨🇳 Mongols · China
1373
-25
1183
-18
🇨🇳 Britons · China
1025
-11
🇨🇳 Sicilians · China
984
-10
860
11:04 Feudal Age
15:12 Castle Age
14:07 Loom
17:54 Fletching
20:14 Horse Collar
23:49 Bodkin Arrow
un908561
5:33 Loom
12:51 Feudal Age
22:39 Castle Age
21:54 Stone Mining
超人不是我
11:47 Feudal Age
13:03 Wheelbarrow
13:30 Loom
18:15 Horse Collar
23:57 Double-Bit Axe
活在故事里的骑士
10:51 Feudal Age
14:36 Castle Age
15:28 Loom
21:51 Double-Bit Axe
21:48 Horse Collar
24:30 Pikeman
25:11 Squires
26:01 Scale Mail Armor
Darth MBAG
6:51 Loom
7:21 Loom
11:26 Feudal Age
16:18 Castle Age
15:44 Horse Collar
15:58 Stone Mining
16:30 Double-Bit Axe
16:48 Town Watch
21:12 Wheelbarrow
Bambambam
7:04 Loom
9:20 Feudal Age
13:39 Fletching
19:59 Castle Age
19:11 Gold Mining
19:21 Double-Bit Axe
20:20 Crossbowman
20:56 Bodkin Arrow
22:03 Padded Archer Armor
24:05 Horse Collar
25:29 Bow Saw
27:03 Heavy Plow
Kim jong-un
6:25 Loom
9:04 Feudal Age
15:55 Bloodlines
20:49 Castle Age
19:45 Scale Barding Armor
19:51 Forging
19:57 Gold Mining
22:37 Husbandry
23:24 Wheelbarrow
23:17 Horse Collar
25:38 Gold Shaft Mining
myth大帝110110110
2:09 Loom
10:36 Feudal Age
13:01 Bloodlines
12:53 Double-Bit Axe
13:57 Forging
26:40 Castle Age
25:26 Gold Mining
26:28 Stone Mining
Connection lost

Rejoining the realm…

Still unreachable

The connection could not be restored.

Session expired

The server has moved on; the page needs a fresh start.